cohdb
Replays
Latest Replays
All Replays
Popular Replays
Top Player Replays
Match Explorer
How It Works
Community
CoH3 Stats
Reddit
Sign in to upload your games and track your stats! →
Sign in with Steam
Match 42234133
Unlisted
Match 42234133
Overview
Messages
Build Orders
End
Construct Barracks
Scout Squad
1⁄4-ton 4x4 Truck
Riflemen Squad
Infantry Support Center
Engineer Squad
M1 Mortar Team
Grenade Package
Construct Motor Pool
M8 Greyhound Armored Car
Construct Medical Station
M1918 Browning Automatic Rifles
Selects Heavy Weapons
Selects Assault Carriers
Selects Exchangeable Parts
M1 Anti-tank Gun Team
Riflemen Squad
Selects Towed M5 3-inch Anti-tank Gun
Towed M5 3-inch Anti-tank Gun
Construct Weapon Support Center
Selects M2HB .50cal Heavy Machine Gun
Selects Gallant Stand
Towed M5 3-inch Anti-tank Gun
pisopisooo
Guderian ITA
0
0
Comments
sign in to comment!
No comments posted yet!